Map: Catalyst LE

Players

Has - Winner!

  • Race: Protoss Protoss
  • Spawn Location: 5:00

Elazer

  • Race: Zerg Zerg
  • Spawn Location: 11:00

Event: WCS Valencia 2018

VOD

Have the link to the VOD?

Description

Time

  • Played on: July 12, 2018, 12:51 p.m.
  • Length: 10:26

All games in this series

Show
View Real Time Build Order
Export as new Build Order

Has Protoss - Winner!

Build Orders: 1 Gate Expand, Chargelot Immortal 

Get SALT Encoding   

  12  0:00  Probe  
  13  0:13  Probe  
  14  0:20  Pylon  
  14  0:23  Probe  
  15  0:34  Probe  
  15  0:41  Gateway  
  15  0:42  Probe  
  17  0:53  Probe  
  17  0:56  Assimilator  
  18  1:01  Probe  
  18  1:09  Probe  
  20  1:26  Nexus  
  20  1:36  Cybernetics Core  
  20  1:39  Probe  
  21  1:45  Assimilator  
  21  1:52  Probe  
  22  1:56  Pylon  
  22  2:04  Stalker, Probe  
  23  2:14  Warp Gate  
  25  2:16  Probe  
  26  2:26  Twilight Council  
  26  2:28  Probe  
  27  2:35  Probe  
  27  2:40  Probe  
  27  2:43  Probe  
  29  2:51  Robotics Facility  
  30  2:52  Probe  
  30  2:53  Probe  
  32  3:04  Gateway, Probe  
  33  3:06  Sentry, Probe  
  36  3:14  Probe  
  36  3:16  Probe  
  36  3:18  Charge  
  38  3:22  Probe  
  39  3:28  Probe  
  39  3:29  Gateway  
  40  3:34  Probe  
  40  3:39  Gateway  
  40  3:40  Observer, Probe  
  43  3:46  Gateway  
  43  3:49  Probe  
  43  3:52  Warp Prism  
  43  3:55  Pylon  
  46  4:06  Pylon  
  46  4:13  Probe x2  
  46  4:15  Forge  
  48  4:25  Pylon  
  48  4:28  Immortal  
  52  4:33  Zealot x3  
  52  4:38  Probe x2  
  60  4:40  Protoss Ground Weapons Level 1  
  60  4:51  Probe x2  
  62  5:03  Immortal  
  62  5:04  Nexus  
  62  5:05  Probe  
  64  5:14  Pylon  
  67  5:20  Gateway x2  
  69  5:23  Pylon  
  69  5:24  Gateway  
  69  5:28  Gateway  
  67  5:29  Probe  
  67  5:31  Probe  
  67  5:33  Pylon  
  69  5:40  Sentry x2  
  69  5:41  Sentry  
  75  5:45  Immortal, Probe x2  
  81  5:57  Probe  
  81  5:59  Pylon  
  81  6:01  Pylon  
  82  6:12  Zealot x5  
  82  6:17  Pylon  
  92  6:22  Shield Battery  
  92  6:30  Sentry x2  
  92  6:31  Zealot x2  
  92  6:32  Zealot x2  
  104  6:37  Pylon  
  104  6:40  Zealot x2  
  104  6:41  Zealot  
  110  6:52  Pylon  
  110  6:56  Protoss Ground Weapons Level 2  
  108  7:07  Immortal, Zealot x9  
  104  7:35  Warp Prism  
  104  7:36  Zealot x8  
  111  7:37  Zealot  
  111  7:42  Zealot x5  
  111  7:43  Zealot x4  
  97  7:52  Photon Cannon  
  97  7:53  Photon Cannon  
  97  7:54  Pylon  
  97  8:05  Immortal  
  97  8:07  Sentry x2, Zealot  
  97  8:08  Zealot x4  
  107  8:27  Zealot x3  
  107  8:30  Zealot  
  107  8:31  Zealot x3  
  107  8:32  Immortal  
  103  8:48  Zealot x5  
  117  9:00  Zealot x4  
  125  9:14  Zealot x3  
  125  9:15  Zealot  
  133  9:21  Immortal  
  133  9:24  Pylon  
  135  9:33  Zealot x5  
  137  9:40  Zealot x4  
  131  9:59  Zealot x5  
  125  10:00  Zealot x3  
  107  10:19  Zealot x6  
  107  10:20  Zealot  
  107  10:21  Zealot  
Show
View Real Time Build Order
Export as new Build Order

Elazer Zerg 

Build Orders: Hatch First 

Get SALT Encoding   

  12  0:00  Drone  
  13  0:12  Overlord  
  13  0:17  Drone  
  14  0:30  Drone x2  
  16  0:47  Drone  
  16  0:48  Drone  
  18  0:56  Hatchery  
  17  0:58  Drone  
  17  1:02  Extractor  
  17  1:14  Spawning Pool  
  17  1:17  Drone  
  17  1:20  Drone  
  18  1:27  Drone  
  19  1:39  Drone  
  20  1:49  Overlord  
  20  2:00  Drone  
  21  2:07  Queen  
  21  2:08  Drone, Queen  
  25  2:11  Zergling x2  
  27  2:19  Drone  
  27  2:21  Zergling x2  
  29  2:32  Drone x2  
  31  2:39  Hatchery  
  31  2:42  Overlord  
  31  2:43  Drone  
  31  2:52  Drone  
  31  2:55  Drone  
  33  3:02  Drone  
  33  3:05  Drone  
  35  3:12  Drone  
  36  3:14  Queen  
  36  3:19  Drone  
  41  3:21  Drone  
  41  3:22  Drone x2  
  44  3:28  Overlord  
  44  3:33  Lair  
  42  3:35  Roach Warren  
  42  3:36  Spore Crawler  
  42  3:37  Drone x4  
  42  3:39  Spore Crawler  
  43  3:42  Overlord  
  44  3:49  Overlord  
  44  3:52  Extractor, Drone  
  44  3:53  Drone  
  44  3:54  Extractor  
  44  3:58  Drone x4  
  44  3:59  Drone  
  49  4:03  Queen  
  51  4:17  Roach  
  51  4:18  Roach x3  
  51  4:20  Roach  
  51  4:23  Roach  
  63  4:26  Roach  
  63  4:27  Queen  
  63  4:29  Overlord  
  67  4:32  Roach  
  67  4:34  Roach  
  71  4:40  Roach  
  73  4:45  Overlord  
  73  4:47  Roach  
  73  4:48  Roach x2  
  73  4:52  Roach  
  82  5:00  Glial Reconstitution, Drone  
  82  5:06  Drone x3  
  85  5:07  Extractor  
  85  5:12  Overlord  
  84  5:14  Roach  
  84  5:15  Roach x2  
  84  5:17  Overlord  
  90  5:29  Overlord  
  90  5:31  Drone x8  
  98  5:37  Overlord  
  98  5:38  Drone x2  
  98  5:42  Overlord  
  100  5:44  Roach  
  100  5:45  Ravager x2  
  100  5:49  Roach  
  106  5:52  Overlord  
  106  5:53  Roach  
  106  5:56  Overlord  
  108  5:58  Roach  
  108  6:02  Roach x2  
  114  6:07  Overlord, Overseer  
  114  6:11  Roach x3  
  120  6:15  Roach x2  
  124  6:19  Overlord  
  124  6:23  Roach x3  
  129  6:30  Overlord  
  129  6:32  Roach x3  
  135  6:34  Ravager x3  
  135  6:35  Overlord  
  135  6:37  Roach  
  140  6:41  Roach x2  
  140  6:43  Overlord  
  140  6:45  Roach  
  146  6:50  Roach x3  
  152  6:58  Roach x4  
  160  7:06  Ravager  
  154  7:21  Roach x8  
  124  7:35  Roach x4  
  112  7:40  Roach  
  112  7:42  Drone x8  
  113  7:52  Drone  
  113  7:53  Drone  
  113  7:54  Drone  
  113  7:55  Ravager  
  117  8:02  Drone x3  
  117  8:04  Drone x2  
  122  8:08  Overlord  
  122  8:16  Roach x5  
  122  8:31  Roach x6  
  118  8:37  Extractor  
  118  8:38  Drone x5  
  118  8:39  Drone  
  123  8:45  Drone x3  
  126  8:48  Drone  
  126  8:49  Extractor  
  127  8:55  Ravager  
  127  8:57  Ravager x3  
  130  9:03  Roach  
  130  9:04  Roach x2  
  130  9:05  Hatchery  
  130  9:09  Overlord  
  135  9:11  Roach  
  135  9:12  Roach x2  
  135  9:15  Ravager  
  141  9:17  Roach x2  
  141  9:23  Roach  
  141  9:24  Roach x2  
  151  9:29  Roach x3  
  157  9:36  Roach  
  157  9:37  Roach  
  135  9:44  Roach  
  135  9:45  Roach x6  
  139  9:51  Roach  
  139  9:52  Roach x2  
  126  9:58  Roach x2  
  110  10:00  Zergling x2, Roach  
Tags
 
Add a new tag
Caveats
  • Supply blocks, unpowered buildings, or Contaminate may cause inaccurate times.
  • Supply counts are checked every 10 seconds.